%YAML 1.1
%TAG !u! tag:unity3d.com,2011:
--- !u!1 &1228556750514062734
GameObject:
  m_ObjectHideFlags: 0
  m_CorrespondingSourceObject: {fileID: 0}
  m_PrefabInstance: {fileID: 0}
  m_PrefabAsset: {fileID: 0}
  serializedVersion: 6
  m_Component:
  - component: {fileID: 8915161956653858376}
  m_Layer: 0
  m_Name: HighPlatformWall00b_2.5HardInteriorCorner
  m_TagString: Untagged
  m_Icon: {fileID: 0}
  m_NavMeshLayer: 0
  m_StaticEditorFlags: 0
  m_IsActive: 1
--- !u!4 &8915161956653858376
Transform:
  m_ObjectHideFlags: 0
  m_CorrespondingSourceObject: {fileID: 0}
  m_PrefabInstance: {fileID: 0}
  m_PrefabAsset: {fileID: 0}
  m_GameObject: {fileID: 1228556750514062734}
  m_LocalRotation: {x: 0, y: 0, z: 0, w: 1}
  m_LocalPosition: {x: 0, y: 0, z: 0}
  m_LocalScale: {x: 1, y: 1, z: 1}
  m_ConstrainProportionsScale: 0
  m_Children:
  - {fileID: 2643486455700187539}
  - {fileID: 7610753162593239466}
  - {fileID: 5770410966783832464}
  m_Father: {fileID: 0}
  m_RootOrder: 0
  m_LocalEulerAnglesHint: {x: 0, y: 0, z: 0}
--- !u!1001 &779602586426961856
PrefabInstance:
  m_ObjectHideFlags: 0
  serializedVersion: 2
  m_Modification:
    m_TransformParent: {fileID: 8915161956653858376}
    m_Modifications:
    - target: {fileID: 893701269721366297, guid: b8bf926da61680b4f8150ca7396f4abb, type: 3}
      propertyPath: m_LocalScale.z
      value: 0.49222
      objectReference: {fileID: 0}
    - target: {fileID: 3651070125649000561, guid: b8bf926da61680b4f8150ca7396f4abb, type: 3}
      propertyPath: m_LocalPosition.z
      value: 0.442
      objectReference: {fileID: 0}
    - target: {fileID: 4502176013269322318, guid: b8bf926da61680b4f8150ca7396f4abb, type: 3}
      propertyPath: m_Name
      value: FenceCrystal_Border00_1 (1)
      objectReference: {fileID: 0}
    - target: {fileID: 6540680593265352272, guid: b8bf926da61680b4f8150ca7396f4abb, type: 3}
      propertyPath: m_RootOrder
      value: 2
      objectReference: {fileID: 0}
    - target: {fileID: 6540680593265352272, guid: b8bf926da61680b4f8150ca7396f4abb, type: 3}
      propertyPath: m_LocalPosition.x
      value: -2.5
      objectReference: {fileID: 0}
    - target: {fileID: 6540680593265352272, guid: b8bf926da61680b4f8150ca7396f4abb, type: 3}
      propertyPath: m_LocalPosition.y
      value: 1
      objectReference: {fileID: 0}
    - target: {fileID: 6540680593265352272, guid: b8bf926da61680b4f8150ca7396f4abb, type: 3}
      propertyPath: m_LocalPosition.z
      value: 2
      objectReference: {fileID: 0}
    - target: {fileID: 6540680593265352272, guid: b8bf926da61680b4f8150ca7396f4abb, type: 3}
      propertyPath: m_LocalRotation.w
      value: 0.7071068
      objectReference: {fileID: 0}
    - target: {fileID: 6540680593265352272, guid: b8bf926da61680b4f8150ca7396f4abb, type: 3}
      propertyPath: m_LocalRotation.x
      value: -0
      objectReference: {fileID: 0}
    - target: {fileID: 6540680593265352272, guid: b8bf926da61680b4f8150ca7396f4abb, type: 3}
      propertyPath: m_LocalRotation.y
      value: 0.70710677
      objectReference: {fileID: 0}
    - target: {fileID: 6540680593265352272, guid: b8bf926da61680b4f8150ca7396f4abb, type: 3}
      propertyPath: m_LocalRotation.z
      value: -0
      objectReference: {fileID: 0}
    - target: {fileID: 6540680593265352272, guid: b8bf926da61680b4f8150ca7396f4abb, type: 3}
      propertyPath: m_LocalEulerAnglesHint.x
      value: 0
      objectReference: {fileID: 0}
    - target: {fileID: 6540680593265352272, guid: b8bf926da61680b4f8150ca7396f4abb, type: 3}
      propertyPath: m_LocalEulerAnglesHint.y
      value: 90
      objectReference: {fileID: 0}
    - target: {fileID: 6540680593265352272, guid: b8bf926da61680b4f8150ca7396f4abb, type: 3}
      propertyPath: m_LocalEulerAnglesHint.z
      value: 0
      objectReference: {fileID: 0}
    m_RemovedComponents: []
  m_SourcePrefab: {fileID: 100100000, guid: b8bf926da61680b4f8150ca7396f4abb, type: 3}
--- !u!4 &5770410966783832464 stripped
Transform:
  m_CorrespondingSourceObject: {fileID: 6540680593265352272, guid: b8bf926da61680b4f8150ca7396f4abb, type: 3}
  m_PrefabInstance: {fileID: 779602586426961856}
  m_PrefabAsset: {fileID: 0}
--- !u!1001 &3700826353760886778
PrefabInstance:
  m_ObjectHideFlags: 0
  serializedVersion: 2
  m_Modification:
    m_TransformParent: {fileID: 8915161956653858376}
    m_Modifications:
    - target: {fileID: 893701269721366297, guid: b8bf926da61680b4f8150ca7396f4abb, type: 3}
      propertyPath: m_LocalScale.z
      value: 0.49222
      objectReference: {fileID: 0}
    - target: {fileID: 3651070125649000561, guid: b8bf926da61680b4f8150ca7396f4abb, type: 3}
      propertyPath: m_LocalPosition.z
      value: 0.442
      objectReference: {fileID: 0}
    - target: {fileID: 4502176013269322318, guid: b8bf926da61680b4f8150ca7396f4abb, type: 3}
      propertyPath: m_Name
      value: FenceCrystal_Border00_1
      objectReference: {fileID: 0}
    - target: {fileID: 6540680593265352272, guid: b8bf926da61680b4f8150ca7396f4abb, type: 3}
      propertyPath: m_RootOrder
      value: 1
      objectReference: {fileID: 0}
    - target: {fileID: 6540680593265352272, guid: b8bf926da61680b4f8150ca7396f4abb, type: 3}
      propertyPath: m_LocalPosition.x
      value: -2
      objectReference: {fileID: 0}
    - target: {fileID: 6540680593265352272, guid: b8bf926da61680b4f8150ca7396f4abb, type: 3}
      propertyPath: m_LocalPosition.y
      value: 1
      objectReference: {fileID: 0}
    - target: {fileID: 6540680593265352272, guid: b8bf926da61680b4f8150ca7396f4abb, type: 3}
      propertyPath: m_LocalPosition.z
      value: 2
      objectReference: {fileID: 0}
    - target: {fileID: 6540680593265352272, guid: b8bf926da61680b4f8150ca7396f4abb, type: 3}
      propertyPath: m_LocalRotation.w
      value: 1
      objectReference: {fileID: 0}
    - target: {fileID: 6540680593265352272, guid: b8bf926da61680b4f8150ca7396f4abb, type: 3}
      propertyPath: m_LocalRotation.x
      value: 0
      objectReference: {fileID: 0}
    - target: {fileID: 6540680593265352272, guid: b8bf926da61680b4f8150ca7396f4abb, type: 3}
      propertyPath: m_LocalRotation.y
      value: 0
      objectReference: {fileID: 0}
    - target: {fileID: 6540680593265352272, guid: b8bf926da61680b4f8150ca7396f4abb, type: 3}
      propertyPath: m_LocalRotation.z
      value: 0
      objectReference: {fileID: 0}
    - target: {fileID: 6540680593265352272, guid: b8bf926da61680b4f8150ca7396f4abb, type: 3}
      propertyPath: m_LocalEulerAnglesHint.x
      value: 0
      objectReference: {fileID: 0}
    - target: {fileID: 6540680593265352272, guid: b8bf926da61680b4f8150ca7396f4abb, type: 3}
      propertyPath: m_LocalEulerAnglesHint.y
      value: 0
      objectReference: {fileID: 0}
    - target: {fileID: 6540680593265352272, guid: b8bf926da61680b4f8150ca7396f4abb, type: 3}
      propertyPath: m_LocalEulerAnglesHint.z
      value: 0
      objectReference: {fileID: 0}
    m_RemovedComponents: []
  m_SourcePrefab: {fileID: 100100000, guid: b8bf926da61680b4f8150ca7396f4abb, type: 3}
--- !u!4 &7610753162593239466 stripped
Transform:
  m_CorrespondingSourceObject: {fileID: 6540680593265352272, guid: b8bf926da61680b4f8150ca7396f4abb, type: 3}
  m_PrefabInstance: {fileID: 3700826353760886778}
  m_PrefabAsset: {fileID: 0}
--- !u!1001 &6603907053839831145
PrefabInstance:
  m_ObjectHideFlags: 0
  serializedVersion: 2
  m_Modification:
    m_TransformParent: {fileID: 8915161956653858376}
    m_Modifications:
    - target: {fileID: 8377141956059423552, guid: 1c15f05cbf0fd574ead9b1c34c08efda, type: 3}
      propertyPath: m_Name
      value: PlatformBorder00b_2.5HardInteriorCorner Variant
      objectReference: {fileID: 0}
    - target: {fileID: 9154206798369077754, guid: 1c15f05cbf0fd574ead9b1c34c08efda, type: 3}
      propertyPath: m_RootOrder
      value: 0
      objectReference: {fileID: 0}
    - target: {fileID: 9154206798369077754, guid: 1c15f05cbf0fd574ead9b1c34c08efda, type: 3}
      propertyPath: m_LocalPosition.x
      value: 0
      objectReference: {fileID: 0}
    - target: {fileID: 9154206798369077754, guid: 1c15f05cbf0fd574ead9b1c34c08efda, type: 3}
      propertyPath: m_LocalPosition.y
      value: 0
      objectReference: {fileID: 0}
    - target: {fileID: 9154206798369077754, guid: 1c15f05cbf0fd574ead9b1c34c08efda, type: 3}
      propertyPath: m_LocalPosition.z
      value: 0
      objectReference: {fileID: 0}
    - target: {fileID: 9154206798369077754, guid: 1c15f05cbf0fd574ead9b1c34c08efda, type: 3}
      propertyPath: m_LocalRotation.w
      value: 1
      objectReference: {fileID: 0}
    - target: {fileID: 9154206798369077754, guid: 1c15f05cbf0fd574ead9b1c34c08efda, type: 3}
      propertyPath: m_LocalRotation.x
      value: -0
      objectReference: {fileID: 0}
    - target: {fileID: 9154206798369077754, guid: 1c15f05cbf0fd574ead9b1c34c08efda, type: 3}
      propertyPath: m_LocalRotation.y
      value: -0
      objectReference: {fileID: 0}
    - target: {fileID: 9154206798369077754, guid: 1c15f05cbf0fd574ead9b1c34c08efda, type: 3}
      propertyPath: m_LocalRotation.z
      value: -0
      objectReference: {fileID: 0}
    - target: {fileID: 9154206798369077754, guid: 1c15f05cbf0fd574ead9b1c34c08efda, type: 3}
      propertyPath: m_LocalEulerAnglesHint.x
      value: 0
      objectReference: {fileID: 0}
    - target: {fileID: 9154206798369077754, guid: 1c15f05cbf0fd574ead9b1c34c08efda, type: 3}
      propertyPath: m_LocalEulerAnglesHint.y
      value: 0
      objectReference: {fileID: 0}
    - target: {fileID: 9154206798369077754, guid: 1c15f05cbf0fd574ead9b1c34c08efda, type: 3}
      propertyPath: m_LocalEulerAnglesHint.z
      value: 0
      objectReference: {fileID: 0}
    m_RemovedComponents: []
  m_SourcePrefab: {fileID: 100100000, guid: 1c15f05cbf0fd574ead9b1c34c08efda, type: 3}
--- !u!4 &2643486455700187539 stripped
Transform:
  m_CorrespondingSourceObject: {fileID: 9154206798369077754, guid: 1c15f05cbf0fd574ead9b1c34c08efda, type: 3}
  m_PrefabInstance: {fileID: 6603907053839831145}
  m_PrefabAsset: {fileID: 0}
